 Dungeon Crawl Stone Soup version 0.28.0-53-g5a82cb258f (webtiles) character file.

Game seed: 18286656700220596713

58 GigaChad the Slasher (level 4, 0/34 HPs)
             Began as a Formicid Gladiator on Aug 20, 2022.
             Killed from afar by a dart slug (3 damage)
             ... with a slug dart
             ... on level 2 of the Dungeon.
             The game lasted 00:05:50 (1655 turns).

GigaChad the Slasher (Formicid Gladiator)           Turns: 1655, Time: 00:05:51

Health: 0/34       AC:  3    Str: 18    XL:     4   Next: 21%
Magic:  4/4        EV: 12    Int:  8    God:
Gold:   74         SH:  0    Dex: 14    Spells: 3/3 levels left

rFire   . . .      SeeInvis +   a - +0 long sword
rCold   . . .      Faith    .   (no shield)
rNeg    . . .      Spirit   .   b - +0 leather armour
rPois   .          Reflect  .   (helmet unavailable)
rElec   .          Harm     .   (no cloak)
rCorr   .          Rampage  .   (no gloves)
Will    .....                   (no boots)
Stlth   +.........              (no amulet)
HPRegen 0.11/turn               f - ring of see invisible
MPRegen 0.09/turn               (no ring)

@: no status effects
A: permanent stasis, dig shafts and tunnels, antennae 3, four strong arms
a: Dig, Shaft Self


You were on level 2 of the Dungeon.
You visited 1 branch of the dungeon, and saw 2 of its levels.

You collected 74 gold pieces.

Inventory:

Hand Weapons
 a - a +0 long sword (weapon)
Missiles
 c - 3 throwing nets (quivered)
Armour
 b - a +0 leather armour (worn)
Jewellery
 f - a ring of see invisible (left hand)
Scrolls
 d - a scroll of silence
 e - 2 scrolls of vulnerability {unknown}
 g - a scroll of teleportation {unknown}
 h - a scroll of blinking {unknown}
 i - a scroll of identify {unknown}


   Skills:
 + Level 2.4 Fighting
 + Level 4.0 Long Blades
 + Level 2.1 Throwing
 + Level 0.4 Armour
 + Level 3.3 Dodging


You had 3 spell levels left.
You didn't know any spells.
Your spell library was empty.

Dungeon Overview and Level Annotations

Branches:
Dungeon (2/15)

Altars:


Innate Abilities, Weirdness & Mutations

You cannot be hasted, slowed, berserked, paralysed or teleported.
You can dig through walls and to a lower floor.
You have a pair of large antennae on your head. (SInv)
Your four strong arms can wield two-handed weapons with a shield.


Message History

The kobold hits you with a +0 short sword.
The dart slug launches a dart at you. The slug dart hits you.
Found 7 gold pieces.
The kobold closely misses you. The dart slug launches a dart at you.
The slug dart misses you.
You hit the kobold but do no damage.
The kobold hits you with a +0 short sword. x2
You hit the kobold.
The kobold is moderately wounded.
The kobold hits you with a +0 short sword.
You barely miss the kobold.
The kobold is moderately wounded.
The dart slug launches a dart at you. The slug dart misses you.
The kobold hits you with a +0 short sword.
* * * LOW HITPOINT WARNING * * *
You hit the kobold.
You kill the kobold!
Things that are here:
a +0 short sword; 8 poisoned darts You see here 11 gold pieces.
The dart slug launches a dart at you. The slug dart hits you.
* * * LOW HITPOINT WARNING * * *
Things that are here:
a +0 short sword; 8 poisoned darts The dart slug barely misses you.
You hit the dart slug.
The dart slug is lightly wounded.
The dart slug launches a dart at you. The slug dart hits you.
* * * LOW HITPOINT WARNING * * *
You hit the dart slug.
The dart slug is severely wounded.
You hit the dart slug but do no damage.
The dart slug is severely wounded.
The dart slug launches a dart at you. The slug dart hits you.
You die...

###### ## ...$.#..
..#.#.#### #..<.....###
#...........
#####.......#
.......w....#
#.####..@....# ## .###
........)$...# . ....
..###........# ##...# #
#.#)######
#.#..###.####.#.#
.##.............#
...#..##.###...###
.....#.#.#.......#######
..†....................#


You could see a dart slug.

Vanquished Creatures
  A gnoll (D:1)
  An adder (D:2)
  A dart slug (D:1)
  5 ball pythons
  2 endoplasms
  2 goblins
  4 hobgoblins (D:1)
  6 jackals
  A quokka (D:1)
  3 bats (D:1)
  6 kobolds
  4 rats
36 creatures vanquished.

Notes
Turn   | Place    | Note
-------+----------+-------------------------------------------
     0 | D:1      | GigaChad the Formicid Gladiator began the quest for the
                  | Orb.
     0 | D:1      | Reached XP level 1. HP: 16/16 MP: 1/1
    21 | D:1      | Reached XP level 2. HP: 11/22 MP: 2/2
   342 | D:1      | Reached XP level 3. HP: 17/27 MP: 3/3
  1599 | D:2      | Reached XP level 4. HP: 33/33 MP: 4/4
  1614 | D:2      | Reached skill level 4 in Long Blades
  1655 | D:2      | Killed from afar by a dart slug

Illustrated notes

Levels and vault maps discovered:
D:1:      dpeg_arrival_renting, layout_basic
D:2:      layout_loops_ring

Skill      XL: |  1  2  3  4 |
---------------+-------------+-----
Dodging        | 3 |  3.3
Long Blades    | 4 |  4.0
Fighting       | |  2.4
Throwing       | |  2.1
Armour         | |  0.4

Action                   |  1- 3 |  4- 6 || total
-------------------------+-------+-------++-------
Melee: Long sword        |    82 |    13 ||    95
       Punch             |     2 |       ||     2
  Use: Scroll            |     1 |       ||     1
Armor: Leather armour    |    25 |     3 ||    28
Dodge: Dodged            |    76 |    15 ||    91
